 Dungeon Crawl Stone Soup version 0.25-a0-1119-g28b6fd0c3b (webtiles) character file.

Game seed: 6883266261791393744, levelgen mode: deterministic

588 kae the Frost Mage (level 7, -10/46 HPs)
             Began as a Merfolk Ice Elementalist on May 18, 2020.
             Mangled by Menkaure (14 damage)
             ... on level 4 of the Dungeon.
             The game lasted 00:03:42 (3616 turns).

kae the Frost Mage (Merfolk Ice Elementalist)       Turns: 3616, Time: 00:03:42

Health: -10/46     AC:  8    Str:  9 (10) XL:     7   Next: 38%
Magic:  10/13      EV: 13    Int: 19 (21) God:
Gold:   205        SH:  0    Dex: 13 (14) Spells: 7/14 levels left

rFire    . . .     SeeInvis .   g - +2 dagger (flame)
rCold    . . .     Gourm    .   (no shield)
rNeg     . . .     Faith    .   a - +0 robe
rPois    .         Spirit   .   t - +0 helmet
rElec    .         Reflect  .   (no cloak)
rCorr    .         Harm     .   k - +0 pair of gloves
MR       .....                  (no boots)
Stlth    ++........             (no amulet)
HPRegen  0.15/turn              d - +6 ring of intelligence
MPRegen  0.13/turn              j - +4 ring of protection

@: no status effects
A: change form in water, swift swim, stealthy swim
a: no special abilities


You were on level 4 of the Dungeon.
You were not hungry.

You visited 1 branch of the dungeon, and saw 3 of its levels.

You collected 205 gold pieces.

Inventory:

Hand Weapons
 b - a +0 whip
 g - a +2 dagger of flaming (weapon)
 o - a +0 halberd
Armour
 a - a +0 robe (worn)
 k - a +0 pair of gloves (worn)
 t - a +0 helmet (worn)
Jewellery
 d - a +6 ring of intelligence (left hand)
 h - a cursed ring of teleportation
 j - a +4 ring of protection (right hand)
Scrolls
 e - a scroll of random uselessness {unknown}
 f - 2 scrolls of fear
 i - 2 scrolls of identify
 m - 2 scrolls of enchant weapon {unknown}
 r - a scroll of remove curse
 s - a scroll of blinking {unknown}
Potions
 l - a potion of brilliance {unknown}
 n - a potion of mutation {unknown}
 p - a potion of degeneration
 q - a potion of resistance {unknown}
 v - 2 potions of heal wounds {unknown}
Comestibles
 c - 5 rations
 u - 5 chunks of flesh


   Skills:
 - Level 2.6 Dodging
 - Level 2.1 Stealth
 + Level 4.4 Spellcasting
 * Level 8.2 Ice Magic


You had 7 spell levels left.
You knew the following spells:

 Your Spells              Type           Power        Failure   Level  Hunger
a - Freeze                Ice            ####         1%          1    None
b - Frozen Ramparts       Ice            #####.       1%          3    ###....
c - Ozocubu's Armour      Chrm/Ice       ###.....     8%          3    ###....

Your spell library contained the following spells:

 Spells                   Type           Power        Failure   Level  Hunger
 Hailstorm                Conj/Ice       ###.....     24%         4    ####...
 Summon Ice Beast         Ice/Summ       ###.....     24%         4    ####...


Dungeon Overview and Level Annotations

Branches:
Dungeon (2/15)

Altars:
Qazlal

Annotations:
D:4 Menkaure


Message History

Menkaure hits you!
You hit Menkaure. You burn Menkaure.
Menkaure is lightly damaged.
Menkaure gestures at you while chanting.
Pain shoots through your body!
You hit Menkaure but do no damage.
Menkaure is lightly damaged.
You hit Menkaure. You burn Menkaure.
Menkaure is moderately damaged.
Menkaure hits you!
* * * LOW HITPOINT WARNING * * *
You hit Menkaure. You burn Menkaure.
Menkaure is heavily damaged.
Menkaure casts a spell.
Menkaure seems to speed up.
It was a potion of degeneration.
There was something very wrong with that liquid.
You feel weakened.
You feel dopey.
You feel clumsy. Menkaure hits you!
You die...

#..# #.. #..# #.. #..#
#.. ##<.# ###. ...# #...
..####..# #.#. ........#
#.#. #..####### #.##
#.@....... .## #.#
#.M...###.#..# #.#
#.#.#.# #.##.# #)# .#
#.#.#.# #.##.# #.#
.....#.#.#.###.##.###.##
............##.##.#.....
.....#.#.#..##.##.#.#.##
.... #.#.#..##.##.#.#.#
.....#.#..#....##)....#


You could see Menkaure (fast).

Vanquished Creatures
  2 ogres (D:4)
  2 howler monkeys (D:4)
  A crimson imp (D:4)
  2 jellies (D:2)
  An orc wizard (D:4)
  A hound (D:4)
  3 adders
  4 gnolls (D:2)
  9 oozes (D:2)
  An adder skeleton (D:4)
  A dart slug (D:2)
  6 leopard geckos
  4 orcs
  6 bats
  2 giant cockroaches (D:2)
  8 goblins
  7 hobgoblins
  2 jackals (D:4)
  3 ball pythons
  4 frilled lizards
  15 kobolds
  8 rats
92 creatures vanquished.

Vanquished Creatures (others)
  8 toadstools (D:2)
8 creatures vanquished.

Grand Total: 100 creatures vanquished

Notes
Turn   | Place    | Note
-------+----------+-------------------------------------------
     0 | D:1      | kae the Merfolk Ice Elementalist began the quest for the
                  | Orb.
     0 | D:1      | Reached XP level 1. HP: 13/13 MP: 3/3
   249 | D:1      | Reached XP level 2. HP: 19/19 MP: 1/5
   912 | D:1      | Reached skill level 5 in Ice Magic
  1107 | D:1      | Reached XP level 3. HP: 20/24 MP: 1/6
  1997 | D:2      | Learned a level 3 spell: Frozen Ramparts
  2021 | D:2      | Reached XP level 4. HP: 28/30 MP: 8/8
  2275 | D:2      | Found a stormy altar of Qazlal.
  2610 | D:2      | Reached skill level 6 in Ice Magic
  2619 | D:2      | Reached XP level 5. HP: 30/35 MP: 5/9
  2899 | D:2      | Reached XP level 6. HP: 32/41 MP: 6/11
  2985 | D:2      | You fall into a shaft and drop 2 floors!
  3126 | D:4      | Reached skill level 7 in Ice Magic
  3238 | D:4      | Reached XP level 7. HP: 45/46 MP: 5/13
  3367 | D:4      | Noticed Menkaure
  3386 | D:4      | Reached skill level 8 in Ice Magic
  3447 | D:4      | Learned a level 3 spell: Ozocubu's Armour
  3616 | D:4      | Mangled by Menkaure

Illustrated notes

Levels and vault maps discovered:
D:1:      minmay_arrival_nine_rooms, layout_basic, roderic_malta_cross,
          minmay_misc_feat_square, minmay_pentomino_z4
D:2:      cheibrodos_fertilizer, layout_basic, nicolae_qazlal_general_emergency
D:4:      layout_loops_ring, hangedman_abyss_or_decor_passed, uniq_menkaure

Skill      XL: |  1  2  3  4  5  6  7 |
---------------+----------------------+-----
Ice Magic      | 5 6 7 8 |  8.2
Spellcasting   | 3 4 |  4.4
Dodging        | |  2.6
Stealth        | |  2.1

Action                   |  1- 3 |  4- 6 |  7- 9 || total
-------------------------+-------+-------+-------++-------
Melee: Whip              |    17 |       |       ||    17
       Dagger            |    40 |    86 |    12 ||   138
 Cast: Freeze            |    48 |    14 |    13 ||    75
       Frozen Ramparts   |       |     6 |     1 ||     7
  Use: Scroll            |     5 |       |       ||     5
       Potion            |       |       |     1 ||     1
 Stab: Sleeping          |     2 |     3 |       ||     5
  Eat: Chunk             |     4 |     1 |     1 ||     6
       Ration            |       |     1 |       ||     1
Armor: Robe              |    18 |    29 |     3 ||    50
Dodge: Dodged            |    68 |    79 |    14 ||   161

Table legend:
 A = Non-vault XP
 B = Vault XP
 C = Vault XP percentage of total XP
 D = Non-vault monster count
 E = Vault monster count
 F = Vault count percentage of total count
                 A         B        C        D         E       F
            +---------+---------+-------+---------+---------+-------
      Total |     683 |     158 |  18.8 |      72 |      20 |  21.7
            +---------+---------+-------+---------+---------+-------
        D:1 |      33 |       4 |  10.8 |      22 |       3 |  12.0
        D:2 |     132 |     154 |  53.8 |      34 |      17 |  33.3
        D:4 |     518 |       0 |   0.0 |      16 |       0 |   0.0
            +---------+---------+-------+---------+---------+-------
